 Dungeon Sprint DCSS version 0.21.2 (webtiles) character file.

4400000 Fang the Axe Maniac (level 24, -20/272 HPs)
             Began as a Demonspawn Gladiator on Feb 5, 2019.
             Was the Champion of Makhleb.
             Demolished by a destroyer
             ... wielding a +9 great sword of slicing
              (56 damage)
             ... in the Dungeon (Sprint VIII: "Arena of Blood").
             The game lasted 00:02:51 (44 turns).

Fang the Axe Maniac (Demonspawn Gladiator)            Turns: 44, Time: 00:02:52

Health: -20/272    AC:  6    Str: 23    XL:     24   Next: 47%
Magic:  23/54      EV: 34    Int: 12    God:    Makhleb [******]
Gold:   0          SH:  0    Dex: 20    Spells: 77/77 levels left

rFire    . . .     SeeInvis +   l - +∞ Axe of Woe
rCold    . . .     Gourm    .   (shield currently unavailable)
rNeg     . . .     Faith    .   b - +0 leather armour
rPois    .         Spirit   .   (helmet unavailable)
rElec    .         Reflect  .   (no cloak)
rCorr    .         Harm     .   (no gloves)
MR       +....     NoTele   +   (no boots)
Stlth    ++++++++++             (no amulet)
HPRegen  0.55/turn              (no ring)
MPRegen  0.34/turn              (no ring)

@: no status effects
A: antennae 3, thin skeletal structure 2, foul stench 2, robust 2, spiny 3, rot
immunity
a: Minor Destruction, Lesser Servant of Makhleb, Major Destruction, Greater
Servant of Makhleb, Renounce Religion


You were in the Dungeon.
You worshipped Makhleb.
Makhleb was exalted by your worship.
You were not hungry.

You visited 1 branch

Inventory:

Hand Weapons
 a - a +0 war axe
 l - the +∞ Axe of Woe (weapon)
   (You found it in the Dungeon)
Missiles
 d - 3 throwing nets (quivered)
Armour
 b - a +0 leather armour (worn)
 c - a +0 helmet
Scrolls
 k - a scroll of blinking
Potions
 e - a potion of curing
 g - a potion of heal wounds
 h - a potion of haste
 i - 2 potions of magic
 j - a potion of berserk rage
Comestibles
 f - a ration


   Skills:
 O Level 27 Fighting
 O Level 27 Axes
 O Level 27 Maces & Flails
 O Level 27 Polearms
 O Level 27 Throwing
 O Level 27 Armour
 O Level 27 Dodging
 O Level 27 Stealth
 O Level 27 Unarmed Combat
 O Level 27 Spellcasting
 O Level 27 Invocations


You had 77 spell levels left.
You didn't know any spells.

Dungeon Overview and Level Annotations

Branches:
Dungeon (1/1)

Altars:
Makhleb


Innate Abilities, Weirdness & Mutations

You have a pair of large antennae on your head. (SInv)
You have a moderately thin skeletal structure. (Dex +4, Stealth+)
You frequently emit foul miasma when damaged in melee.
You are very robust. (+20% HP)
You are completely covered in sharp spines.
You are immune to rotting.


Message History

The bag of meat shouts!
You cut the destroyer into ribbons!!!
You hew the destroyer savagely.
You destroy the destroyer!
Makhleb accepts your kill.
You feel better.
You cannot train any new skill.
You slash the sculptor of flesh!
You dissect the sculptor of flesh like a pig carcass.
You destroy the sculptor of flesh!
Makhleb accepts your kill.
You are engulfed in blazing flames.
You hear a shout! x8
An orc and a vampire knight come into view.
The destroyer is wielding a +9 great sword of slicing.
A destroyer comes into view.
It is wielding a +9 great sword of slicing.
The destroyer shouts!
You hear a shout! x3
The destroyer is struck by your spines.
The destroyer hits you with a +9 great sword of slicing!!!!!
Ouch! That really hurt!
* * * LOW HITPOINT WARNING * * *
You die...

.... ..
....{...o #...
...# . {#.V.
...# . ..###.§.
...###..
......)###o.....
.......)_).§....
.....#)x)))#...
... #_@§)_#{ .
#V§§§)#
......§z..o..{
......###o.....
..###...
...###.. V
#..o{...# {o
#... ...#{
V........


You could see 4 destroyers, a sculptor of flesh, a small abomination and 3 bags
of meat.

Vanquished Creatures
  33 orcs (D)
  A skeletal warrior (D)
  3 large abominations (D)
  2 small abominations (D)
  3 vampire knights (D)
  6 ogres (D)
  A two-headed ogre (D)
49 creatures vanquished.

Vanquished Creatures (others)
  2 crawling corpses (D)
2 creatures vanquished.

Grand Total: 51 creatures vanquished

Notes
Turn   | Place    | Note
-------+----------+-------------------------------------------
     0 | D        | Found the +∞ Axe of Woe
     0 | D        | Fang the Demonspawn Gladiator began the quest for the Orb.
     0 | D        | Reached XP level 1. HP: 16/16 MP: 1/1
     3 | D        | Noticed a meat berserker
     4 | D        | Became a worshipper of Makhleb the Destroyer
     6 | D        | Noticed a bag of meat
     8 | D        | Noticed a bag of meat
     8 | D        | Noticed a bag of meat
     9 | D        | Noticed a bag of meat
     9 | D        | Noticed a meat berserker
    10 | D        | Noticed a bag of meat
    10 | D        | Killed a meat berserker
    10 | D        | Gained mutation: You have a pair of small antennae on your head. [demonic ancestry]
    10 | D        | Reached XP level 2. HP: 5/38 MP: 2/2
    10 | D        | Gained mutation: You are immune to rotting. [demonic ancestry]
    10 | D        | Reached XP level 3. HP: 6/44 MP: 3/3
    10 | D        | Reached XP level 4. HP: 7/51 MP: 4/4
    10 | D        | Gained mutation: You have a pair of antennae on your head. [demonic ancestry]
    10 | D        | Reached XP level 5. HP: 8/57 MP: 5/5
    10 | D        | Reached XP level 6. HP: 9/64 MP: 6/6
    10 | D        | Gained mutation: You are partially covered in sharp spines. [demonic ancestry]
    10 | D        | Reached XP level 7. HP: 10/69 MP: 7/7
    10 | D        | Gained mutation: You have a pair of large antennae on your head. (SInv) [demonic ancestry]
    10 | D        | Reached XP level 8. HP: 11/76 MP: 8/8
    10 | D        | Reached XP level 9. HP: 12/82 MP: 9/9
    10 | D        | Gained mutation: You may emit foul miasma when damaged in melee. [demonic ancestry]
    10 | D        | Reached XP level 10. HP: 13/89 MP: 10/10
    10 | D        | Reached XP level 11. HP: 14/95 MP: 11/11
    10 | D        | Gained mutation: You are robust. (+10% HP) [demonic ancestry]
    10 | D        | Reached XP level 12. HP: 14/112 MP: 12/12
    10 | D        | Gained mutation: You have a somewhat thin skeletal structure. (Dex +2, Stealth) [demonic ancestry]
    10 | D        | Reached XP level 13. HP: 15/117 MP: 13/13
    10 | D        | Killed a bag of meat
    10 | D        | Reached * piety under Makhleb
    11 | D        | Noticed a meat berserker
    11 | D        | Killed a bag of meat
    11 | D        | Gained mutation: You are mostly covered in sharp spines. [demonic ancestry]
    11 | D        | Reached XP level 14. HP: 17/130 MP: 14/14
    12 | D        | Killed a meat berserker
    12 | D        | Reached skill level 15 in Fighting
    12 | D        | Reached XP level 15. HP: 97/141 MP: 15/15
    14 | D        | Noticed a meat berserker
    14 | D        | Reached ** piety under Makhleb
    14 | D        | Reached skill level 5 in Armour
    14 | D        | Reached skill level 15 in Throwing
    15 | D        | Noticed a meat berserker
    15 | D        | Killed a meat berserker
    15 | D        | Reached skill level 27 in Axes
    15 | D        | Gained mutation: You have a moderately thin skeletal structure. (Dex +4, Stealth+) [demonic ancestry]
    15 | D        | Reached XP level 16. HP: 157/157 MP: 16/16
    16 | D        | Noticed a meat berserker
    17 | D        | Killed a meat berserker
    17 | D        | Reached *** piety under Makhleb
    17 | D        | Reached skill level 27 in Dodging
    17 | D        | Gained mutation: You frequently emit foul miasma when damaged in melee. [demonic ancestry]
    17 | D        | Reached XP level 17. HP: 173/173 MP: 17/17
    19 | D        | Reached skill level 10 in Armour
    20 | D        | Reached **** piety under Makhleb
    21 | D        | Reached skill level 27 in Fighting
    21 | D        | Reached XP level 18. HP: 200/200 MP: 18/18
    22 | D        | Noticed a destroyer
    22 | D        | Killed a meat berserker
    22 | D        | Reached skill level 27 in Throwing
    23 | D        | Killed a meat berserker
    23 | D        | Reached ***** piety under Makhleb
    23 | D        | Reached XP level 19. HP: 207/207 MP: 19/19
    23 | D        | Reached skill level 27 in Armour
    25 | D        | Reached skill level 10 in Unarmed Combat
    25 | D        | Reached skill level 10 in Spellcasting
    26 | D        | Gained mutation: You are completely covered in sharp spines. [demonic ancestry]
    26 | D        | Reached XP level 20. HP: 216/216 MP: 19/36
    28 | D        | Reached skill level 15 in Stealth
    28 | D        | Reached ****** piety under Makhleb
    28 | D        | Reached skill level 15 in Unarmed Combat
    28 | D        | Reached skill level 15 in Spellcasting
    31 | D        | Gained mutation: You are very robust. (+20% HP) [demonic ancestry]
    31 | D        | Reached XP level 21. HP: 188/244 MP: 20/43
    32 | D        | Reached skill level 27 in Invocations
    34 | D        | Killed a destroyer
    34 | D        | Reached skill level 27 in Stealth
    34 | D        | Reached XP level 22. HP: 254/254 MP: 21/51
    35 | D        | Noticed a large bag of meat
    35 | D        | Noticed a destroyer
    36 | D        | Reached skill level 27 in Unarmed Combat
    36 | D        | Reached skill level 27 in Spellcasting
    37 | D        | Reached XP level 23. HP: 262/262 MP: 21/54
    38 | D        | Noticed a destroyer
    39 | D        | Noticed a destroyer
    39 | D        | Killed a destroyer
    40 | D        | Killed a large bag of meat
    42 | D        | Noticed a destroyer
    42 | D        | Reached XP level 24. HP: 272/272 MP: 23/54
    43 | D        | Reached skill level 27 in Maces & Flails
    43 | D        | Reached skill level 27 in Polearms
    43 | D        | Killed a destroyer
    44 | D        | Noticed a destroyer
    44 | D        | Noticed a destroyer
    44 | D        | Demolished by a destroyer

Skill      XL: |  1  2  3  4  5  6  7  8  9 10 11 12 13 14 15 16 17 18 19 20 21 22 23 24 |
---------------+-------------------------------------------------------------------------+-----
Fighting       | 11 13 15 17 21 27 | 27.0
Axes           | 19 22 24 27 | 27.0
Throwing       | 11 12 14 16 18 23 27 | 27.0
Armour         | 3 4 6 8 11 23 27 | 27.0
Dodging        | 18 21 22 26 27 | 27.0
Stealth        | 13 19 27 | 27.0
Unarmed Combat | 12 18 25 27 | 27.0
Spellcasting   | 12 18 25 27 | 27.0
Invocations    | 16 24 27 | 27.0
Maces & Flails | 27 | 27.0
Polearms       | 27 | 27.0

Action                   |  1- 3 |  4- 6 |  7- 9 | 10-12 | 13-15 | 16-18 | 19-21 | 22-24 || total
-------------------------+-------+-------+-------+-------+-------+-------+-------+-------++-------
Melee: Executioner's axe |     1 |       |       |       |     4 |     7 |     8 |     8 ||    28
Dodge: Dodged            |     1 |       |       |       |     2 |       |     1 |       ||     4
